cohdb
Replays
Latest Replays
All Replays
Popular Replays
Top Player Replays
Match Explorer
How It Works
Community
CoH3 Stats
Reddit
Sign in to upload your games and track your stats! →
Sign in with Steam
coh1 boomer clan LUUUUUUL
Match 21476463
Overview
Messages
Build Orders
End
Selects Australian Defense Battlegroup
Selects Australian Light Infantry Section
Vickers Machine Gun Team
Construct Section Command Post
Dingo Light Scout Car
Infantry Section
Australian Light Infantry Section
Construct Platoon Command Post
Selects CMP 15cwt Supply Run
CMP 15cwt Supply Run
ML 3-inch Mortar Team
Construct Company Command Post
Selects Reinforced Resource Caches
Foot Guards Section
Matilda II Heavy Tank
Unlock Bishop Self-propelled Artillery
Selects 2-pounder Anti-tank Gun Team
Bishop Self-propelled Artillery
Selects Charged Creeping Barrage
CMP 15cwt Supply Run
Unlock M3 Grant Medium Tanks
M3 Grant Medium Tank
Royal Engineer Section
Charged Creeping Barrage
Selects Vehicle Over Repair
CMP 15cwt Supply Run
M3 Grant Medium Tank
Royal Engineer Section
Royal Engineer Section
Armored Vehicle Training
Charged Creeping Barrage
M3 Grant Medium Tank
aSIIAnthrax
aSIISymbiosis
I'm that #B!tch
hunsquad
0
0
Comments
sign in to comment!
No comments posted yet!